 Dungeon Crawl Stone Soup version 0.31.0-11-ge490571c62 (webtiles) character file.

Game seed: 1484972479214585075

46 Curundu the Trooper (level 3, -10/34 HPs)
             Began as a Minotaur Berserker on Jan 28, 2024.
             Was a Believer of Trog.
             Mangled by a gnoll
             ... wielding a +0 halberd
             ... led by a gnoll bouda
              (14 damage)
             ... on level 3 of the Dungeon.
             The game lasted 00:04:33 (1462 turns).

Curundu the Trooper (Minotaur Berserker)            Turns: 1462, Time: 00:04:36

Health: -10/34     AC:  3    Str: 23    XL:     3   Next: 44%
Magic:  2/2        EV: 12    Int:  4    God:    Trog [**....]
Gold:   147        SH:  0    Dex:  9    Spells: 2/2 levels left

rFire   . . .        a - +1 hand axe
rCold   . . .        (no shield)
rNeg    . . .        b - +1 animal skin
rPois   .            (helmet restricted)
rElec   .            (no cloak)
rCorr   .            (no gloves)
SInv    .            (no boots)
Will    .....        (no amulet)
Stlth   +            (no ring)
HPRegen 0.25/turn    (no ring)
MPRegen 0.08/turn

%: no passive effects
@: weakened
A: horns 2, retaliatory headbutt
a: Renounce Religion, Berserk, Trog's Hand


You were on level 3 of the Dungeon.
You worshipped Trog.
Trog was pleased with you.
You visited 1 branch of the dungeon, and saw 3 of its levels.

You collected 147 gold pieces.

Inventory:

Hand Weapons
 a - a +1 hand axe (weapon)
Armour
 b - a +1 animal skin (worn)
Scrolls
 c - a scroll of teleportation {unknown}
 h - 2 scrolls of vulnerability
 i - 2 scrolls of enchant armour
 j - a scroll of noise {unknown}
Potions
 d - a potion of might {unknown}
 e - a potion of heal wounds {unknown}
 f - a potion of haste {unknown}
 g - a potion of magic {unknown}
 l - 2 potions of resistance


   Skills:
 + Level 4.3 Fighting
 + Level 4.3 Axes
 + Level 2.5 Armour
 + Level 2.9 Dodging


You had 2 spell levels left.
You didn't know any spells.
Your spell library was empty.

Dungeon Overview and Level Annotations

Branches:
Dungeon (3/15)

Altars:
Okawaru

Shops:
D:1 :


Innate Abilities, Weirdness & Mutations

You have a pair of horns on your head.
You reflexively headbutt those who attack you in melee.


Message History

The gnoll bouda gazes fiercely through you!
You feel your attacks grow feeble.
A gnoll comes into view. It is wielding a +0 club.
The gnoll shouts!
You hear a shout! x2
A gnoll comes into view. It is wielding a +0 club.
Found 10 gold pieces.
The gnoll shouts!
The gnoll bouda gazes fiercely through you!
You feel as though you will be weak longer.
The gnoll bouda hits you with a +0 whip.
A gnoll comes into view. It is wielding a +0 halberd.
You hear a shout!
You closely miss the gnoll bouda. Your headbutt misses the gnoll bouda.
The gnoll bouda hits you with a +0 whip!
You hit the gnoll bouda but do no damage.
Your headbutt misses the gnoll bouda.
The gnoll bouda hits you with a +0 whip!
You closely miss the gnoll bouda. Your headbutt misses the gnoll bouda.
The gnoll bouda closely misses you.
You closely miss the gnoll bouda.
The gnoll bouda hits you with a +0 whip.
* * * LOW HITPOINT WARNING * * *
You hit the gnoll bouda.
You headbutt the gnoll bouda, but do no damage.
The gnoll bouda is moderately wounded.
The gnoll bouda completely misses you.
You hit the gnoll bouda.
The gnoll bouda is moderately wounded.
A gnoll comes into view. It is wielding a +0 spear.
The gnoll bouda barks out a call to the hunt!
The gnolls pick up the pace!
The gnoll shouts!
You closely miss the gnoll bouda. Your headbutt misses the gnoll bouda.
The gnoll bouda is moderately wounded.
The gnoll bouda gazes fiercely through you!
You feel as though you will be weak longer.
The gnoll bouda hits you with a +0 whip!
* * * LOW HITPOINT WARNING * * *
The gnoll hits you from afar with a +0 halberd!
You die...

.# ##### .# #...# .# #...#
# .# # #...# #$ ###.# ##..
#...# #.. ...##..>.
#...#######..g####.......#
#............gg@.........#
##.<..# ##########........
......# ...#...........##
.§....# #.#.###.......#
§≈≈≈...... #.......####.##
§§.≈.##### ###.##### ...
≈≈.≈.# #.# ### .≈.≈.# #.#
.≈.≈.#########.#


You could see a gnoll bouda and 2 gnolls.

Vanquished Creatures
  An adder (D:2)
  2 dart slugs (D:1)
  6 ball pythons
  7 bats
  An endoplasm (D:1)
  2 goblins (D:2)
  5 hobgoblins
  2 kobolds (D:1)
  3 frilled lizards
  2 rats (D:1)
31 creatures vanquished.

Notes
Turn   | Place    | Note
-------+----------+-------------------------------------------
     0 | D:1      | Curundu the Minotaur Berserker began the quest for the Orb.
     0 | D:1      | Reached XP level 1. HP: 19/19 MP: 0/0
    25 | D:1      | Found Tetea's Vocational Training.
   100 | D:1      | Reached XP level 2. HP: 27/27 MP: 1/1
   346 | D:1      | Found a faded altar of an unknown god.
   596 | D:2      | Reached XP level 3. HP: 18/33 MP: 2/2
   789 | D:2      | Identified the +2 kite shield of Fun and Games {rPois rC+++
                  | Str-2 Int-4}
   892 | D:2      | Reached ** piety under Trog
  1387 | D:3      | Found an iron altar of Okawaru.
  1462 | D:3      | Mangled by a gnoll

Illustrated notes

Levels and vault maps discovered:
D:1:      scummos_arrival_hexagon, layout_rooms, ebering_ecumenical_altar_webs,
          nicolae_shop_vocational
D:2:      layout_basic
D:3:      layout_basic, mainiacjoe_overflow_alcove_4,
          nicolae_wu_jian_immortal_techniques,
          mainiacjoe_overflow_concentric_impassable

Skill      XL: |  1  2 |
---------------+-------+-----
Fighting       | 4 |  4.3
Axes           | 4 |  4.3
Armour         | |  2.5
Dodging        | |  2.9

Action                     || total
---------------------------++-------
  Melee: Hand axe          ||    60
         Headbutt          ||     7
    Use: Scroll            ||     7
 Armour: Animal skin       ||    44
  Dodge: Dodged            ||    48
